 Dungeon Crawl Stone Soup version 0.20.0-10-g0535bb4 (webtiles) character file.

24706 Hasart the Basher (level 13, 0/121 HPs)
             Began as a Naga Fighter on June 3, 2017.
             Was the Champion of Cheibriados.
             Killed from afar by an electric eel (11 damage)
             ... with a bolt of electricity
             ... on level 3 of the Lair of Beasts.
             The game lasted 00:35:28 (13712 turns).

Hasart the Basher (Naga Fighter)                   Turns: 13712, Time: 00:35:29

Health: 0/121      AC: 14    Str: 34 (35) XL:     13   Next: 14%
Magic:  18/18      EV: 12    Int: 24 (27) God:    Cheibriados [******]
Gold:   1173       SH: 15    Dex: 30 (31) Spells: 14/20 levels left

rFire    + . .     SeeInvis +   N - +10 eveningstar "Sixin" {holy, rF+ Str-5 Dex+5}
rCold    + . .     Gourm    .   c - +1 shield
rNeg     + . .     Faith    .   J - +2 ring mail {rN+}
rPois    +         Spirit   .   h - -1 helmet "Xitry" {Str+5} (curse)
rElec    .         Reflect  .   a - +0 cloak
rCorr    .         Harm     .   (no gloves)
MR       +....                  (no barding)
Stlth    +++.......             (no amulet)
Regen    0.3/turn               l - ring of protection from cold
MPRegen  0.2/turn               X - +2 ring of evasion

@: very slow
A: stinger 1, molten scales 1, see invisible, deformed body, low mp 1, mutation
resistance 1, poison resistance, slowness 2, slow metabolism 1, spit poison 1,
constrict 1, sturdy frame 1, AC +4
a: Spit Poison, Bend Time, Temporal Distortion, Slouch, Step From Time, Renounce
Religion


You were on level 3 of the Lair of Beasts.
You worshipped Cheibriados.
Cheibriados was exalted by your worship.
You were very hungry.

You visited 3 branches of the dungeon, and saw 15 of its levels.
You also visited: Ossuary.

You collected 1173 gold pieces.

Inventory:

Hand Weapons
 i - a +4 whip of electrocution
 L - the +8 long sword of Isowufey {venom, rC+ MR+ Str+2}
   (You found it on level 10 of the Dungeon)

   It poisons the flesh of those it strikes.
   It affects your strength (+2).
   It protects you from cold.
   It affects your resistance to hostile enchantments.
 N - the +10 eveningstar "Sixin" (weapon) {holy, rF+ Str-5 Dex+5}
   (You found it on level 11 of the Dungeon)

   It has been blessed by the Shining One to cause great damage to the undead
   and demons.
   It affects your strength (-5).
   It affects your dexterity (+5).
   It protects you from fire.
Armour
 a - a +0 cloak (worn)
 c - a +1 shield (worn)
 h - the cursed -1 helmet "Xitry" (worn) {Str+5}
   (You found it on level 3 of the Lair of Beasts)

   It affects your strength (+5).
   It has a curse placed upon it.
 z - a +0 troll leather armour
 J - a +2 ring mail of positive energy (worn)
 P - a +1 hat
Jewellery
 l - a ring of protection from cold (left hand)
 S - an uncursed ring of ice
 U - an uncursed ring of resist corrosion
 X - a +2 ring of evasion (right hand)
Wands
 g - a wand of digging (19/24)
 m - a wand of digging (13/24)
 H - a wand of clouds (1/9)
 K - a wand of scattershot (5/9)
 R - a wand of digging (11/24)
Scrolls
 e - 5 scrolls of remove curse
 q - 2 scrolls of amnesia
 t - 4 scrolls of teleportation
 v - 3 scrolls of identify
 w - 2 scrolls of enchant armour
 y - 2 scrolls of magic mapping
 C - a scroll of fear
 I - a scroll of blinking
 M - 3 scrolls of recharging
 V - a scroll of fog {unknown}
Potions
 b - 2 potions of agility
 o - 2 potions of cancellation
 s - 5 potions of curing
 u - 4 potions of flight
 x - 5 potions of heal wounds
Books
 d - a book of Minor Magic

   Spells                             Type                      Level
   a - Magic Dart                     Conjuration                  1
   b - Blink                          Translocation                2
   c - Call Imp                       Summoning                    2
   d - Slow                           Hexes                        2
   e - Conjure Flame                  Conjuration/Fire             3
   f - Mephitic Cloud                 Conjuration/Poison/Air       3
 Q - a book of Flames

   Spells                             Type                      Level
   a - Flame Tongue                   Conjuration/Fire             1
   b - Throw Flame                    Conjuration/Fire             2
   c - Conjure Flame                  Conjuration/Fire             3
   d - Inner Flame                    Hexes/Fire                   3
   e - Sticky Flame                   Conjuration/Fire             4
   f - Fireball                       Conjuration/Fire             5
 W - a book of Air

   Spells                             Type                      Level
   a - Shock                          Conjuration/Air              1
   b - Swiftness                      Charms/Air                   2
   c - Static Discharge               Conjuration/Air              3
   d - Airstrike                      Air                          4
   e - Lightning Bolt                 Conjuration/Air              5
Comestibles
 f - 17 bread rations
 j - 56 fruits
 k - 4 royal jellies
 A - 5 meat rations


   Skills:
 + Level 9.0 Fighting
 * Level 11.8 Maces & Flails
 + Level 7.0 Armour
 + Level 1.4 Dodging
 + Level 3.4 Stealth
 + Level 7.5 Shields
 + Level 4.4 Spellcasting
 - Level 4.7 Translocations
 * Level 0.8 Air Magic
 * Level 10.0 Invocations


You had 14 spell levels left.
You knew the following spells:

 Your Spells              Type           Power        Failure   Level  Hunger
a - Blink                 Tloc           N/A          3%          2    None
b - Airstrike             Air            #.........   71%         4    ####...


Dungeon Overview and Level Annotations

Branches:
Dungeon (11/15)            Temple (1/1) D:5            Lair (3/6) D:8
  Swamp (0/4) Lair:3       Spider (0/4) Lair:3          Orc (0/2) D:11

Altars:
Cheibriados
Dithmenos
Elyvilon
Fedhas
Gozag
Hepliaklqana
Kikubaaqudgha
Nemelex Xobeh
Okawaru
Qazlal
Ru
Sif Muna
Xom
Yredelemnul
Zin
The Shining One

Shops:
D:5 *[?!   D:6 :


Innate Abilities, Weirdness & Mutations

You cannot wear boots.
Your serpentine skin is tough. (AC +4)
You have supernaturally acute eyesight. (SInv)
Armour fits poorly on your strangely shaped body.
Your system is resistant to poisons. (rPois)
You cover ground very slowly.
You have a slow metabolism.
You can spit poison.
You can use your snake-like lower body to constrict enemies.
Your tail ends in a poisonous barb.
You are partially covered in molten scales. (AC +2)
Your magical capacity is low. (-10% MP)
You are somewhat resistant to further mutation.
Your movements are slightly less encumbered by armour. (ER -2)


Message History

The electric eel shoots out a bolt of lightning at you!
The bolt of electricity hits you!
* * * LOW HITPOINT WARNING * * *
You block the swamp worm's attack.
The electric eel shoots out a bolt of lightning at you!
The bolt of electricity hits you!
* * * LOW HITPOINT WARNING * * *
You block the swamp worm's attack.
You hit the electric eel. Your grab misses the electric eel.
The electric eel is lightly wounded.
The electric eel shoots out a bolt of lightning at you!
The bolt of electricity misses you. You block the swamp worm's attack.
Unknown command.
You sock the electric eel! Your grab misses the electric eel.
The electric eel is severely wounded.
The swamp worm bites you!
* * * LOW HITPOINT WARNING * * *
The electric eel shoots out a bolt of lightning at you!
The bolt of electricity hits you!
You die...

# ####..##.....P##....#.#..#
######.###.###..........#.#.^.#
###...#.#.#.......#####.##.#.#.##
................P#####.#(..<...##
#P###.##...#.........>.....#....#
# #####.........♣♣♣♣♣♣♣♣......#
##.#.♣♣♣♣♣♣♣♣♣♣♣♣♣♣♣♣♣♣..
#...♣♣§w§§≈≈≈≈≈♣≈≈≈≈≈♣♣♣
#..#♣♣;@.§..............
#...♣♣§§.§♣.♣.....♣..... ####
######.♣♣§§§≈§≈≈≈≈≈≈♣≈≈≈♣♣♣
#..####P.##...♣♣♣♣♣♣♣♣♣♣♣♣♣♣♣♣♣.(
P..............## ♣.......
..#.#..######.#.# #.###...P
P.###### ##### ###.. ..P.# #..
#...... #..


You could see a swamp worm and an electric eel.

Vanquished Creatures
  4 hydras
  2 two-headed ogres
  The ghost of Zleub the Spear-Bearer, a journeyman MiMo of Okawaru (D:10)
  Pikel (D:6)
  An orc knight (D:11)
  An oklob plant (Lair:3)
  2 cyclopes (D:11)
  The ghost of MTVSty1e the Chopper, a novice DrSk (D:4)
  A black mamba (Lair:2)
  Maurice (D:9)
  A gargoyle (D:10)
  Psyche (D:9)
  A rime drake (Lair:3)
  6 spiny frogs
  A komodo dragon (Lair:1)
  A hornet (D:10)
  3 trolls
  A slime creature (D:4)
  Grinder (D:6)
  3 hippogriffs
  A redback (Lair:3)
  A spriggan (D:10)
  A wraith (D:11)
  2 wyverns
  18 yaks
  2 basilisks
  Grum (D:10)
  5 vampire mosquitoes (D:11)
  Menkaure (D:7)
  A swamp worm (Lair:3)
  A soldier ant (D:10)
  2 hell hounds (D:8)
  4 porcupines
  8 water moccasins
  2 orc warriors
  A necrophage (D:4)
  3 phantoms
  9 ogres
  An ice beast (D:5)
  10 wolves
  4 centaurs
  4 crocodiles (Lair:1)
  A big kobold (D:7)
  9 bullfrogs
  4 jellies
  2 wyvern skeletons
  5 killer bees (D:10)
  5 scorpions
  7 wights
  2 electric eels (Lair:1)
  2 crimson imps (D:5)
  2 bullfrog zombies
  3 quasits
  5 hounds
  6 orc priests
  Crazy Yiuf (D:7)
  A bullfrog skeleton (D:4)
  2 centaur skeletons
  8 orc wizards
  Jessica (D:2)
  4 iguanas
  4 hell rats (Lair:2)
  5 worker ants
  A hound zombie (D:5)
  A hound skeleton (D:4)
  4 mummies (Ossuary)
  13 adders
  3 river rats (Lair:2)
  4 shadow imps
  2 adder zombies
  2 worms
  2 dart slugs
  4 leopard geckos
  43 orcs
  6 giant cockroaches
  A gnoll zombie (Ossuary)
  3 hobgoblins
  4 jackals (D:7)
  13 kobolds
  5 quokkas
  2 ball pythons
  11 bats
  2 frilled lizards
  2 gnoll skeletons (Ossuary)
  8 goblins
  3 goblin skeletons (Ossuary)
  2 goblin zombies (Ossuary)
  2 hobgoblin skeletons (Ossuary)
  2 hobgoblin zombies (Ossuary)
  A kobold skeleton (Ossuary)
  3 kobold zombies (Ossuary)
  An orc skeleton (Ossuary)
  2 orc zombies (Ossuary)
  15 rats
  4 rat skeletons (Ossuary)
  8 rat zombies (Ossuary)
  A plant (Lair:3)
375 creatures vanquished.

Vanquished Creatures (others)
  A black bear (D:6)
  A bullfrog (D:6)
  A worker ant (D:6)
  2 orcs (D:6)
  2 goblin skeletons (Ossuary)
  A goblin zombie (Ossuary)
  2 hobgoblin skeletons (Ossuary)
  2 hobgoblin zombies (Ossuary)
  4 kobold skeletons (Ossuary)
  2 kobold zombies (Ossuary)
  An orc skeleton (Ossuary)
  An orc zombie (Ossuary)
  3 rat skeletons (Ossuary)
  A rat zombie (Ossuary)
  4 plants
28 creatures vanquished.

Grand Total: 403 creatures vanquished

Notes
Turn   | Place    | Note
-------+----------+-------------------------------------------
     0 | D:1      | Hasart the Naga Fighter began the quest for the Orb.
     0 | D:1      | Reached XP level 1. HP: 21/21 MP: 1/1
   333 | D:1      | Reached XP level 2. HP: 25/28 MP: 2/2
   902 | D:1      | Reached XP level 3. HP: 34/34 MP: 3/3
  1699 | D:1      | Gained mutation: You are weak. (Str -2) [potion of mutation]
  1699 | D:1      | Gained mutation: You are frail. (-10% HP) [potion of mutation]
  1699 | D:1      | Gained mutation: You are agile. (Dex +2) [potion of mutation]
  1699 | D:1      | Gained mutation: You have a somewhat thin skeletal structure. (Dex +2, Stealth) [potion of mutation]
  1725 | D:2      | Reached skill level 3 in Maces & Flails
  1847 | D:2      | Noticed Jessica
  1851 | D:2      | Killed Jessica
  1851 | D:2      | Reached XP level 4. HP: 37/37 MP: 4/4
  2706 | D:3      | Reached XP level 5. HP: 40/44 MP: 5/5
  2988 | D:3      | Found a deep blue altar of Sif Muna.
  3322 | D:4      | Reached skill level 4 in Maces & Flails
  3328 | D:4      | Got a brightly glowing robe
  3329 | D:4      | Identified the +0 robe of Apathy {+Inv} (You found it on level 4 of the Dungeon)
  3332 | D:4      | Found a transporter.
  3340 | D:4      | Noticed a necrophage
  3346 | D:4      | Found a transporter.
  3351 | D:4      | Noticed a slime creature
  3351 | D:4      | Found a hazy altar of Hepliaklqana.
  3357 | D:4      | Killed a slime creature
  3357 | D:4      | Reached XP level 6. HP: 17/50 MP: 6/6
  3374 | D:4      | Killed a necrophage
  3374 | D:4      | Reached XP level 7. HP: 13/55 MP: 7/7
  3628 | D:4      | Reached skill level 5 in Maces & Flails
  3662 | D:4      | Noticed MTVSty1e's ghost (novice DrSk)
  3684 | D:4      | Killed MTVSty1e's ghost
  3684 | D:4      | Reached skill level 6 in Maces & Flails
  3684 | D:4      | Reached XP level 8. HP: 50/63 MP: 8/8
  3804 | D:4      | Found a glowing golden altar of the Shining One.
  3830 | D:4      | Reached skill level 5 in Fighting
  3918 | D:4      | Found an ancient bone altar of Kikubaaqudgha.
  4537 | D:5      | Entered Level 5 of the Dungeon
  4721 | D:5      | Found Iheluat's General Store.
  4811 | D:5      | Reached skill level 7 in Maces & Flails
  4889 | D:5      | Found Humixton's Distillery.
  4968 | D:5      | Found Ziwokaf's Magic Scroll Shoppe.
  5090 | D:5      | Found a staircase to the Ecumenical Temple.
  5098 | Temple   | Entered the Ecumenical Temple
  5119 | Temple   | Became a worshipper of Cheibriados the Contemplative
  5230 | D:5      | Found Rophupiac's Antique Armour Boutique.
  5369 | D:5      | Reached skill level 1 in Invocations
  5391 | D:6      | Lost mutation: You are weak. (Str -2) [potion of mutation]
  5391 | D:6      | Lost mutation: You are frail. (-10% HP) [potion of mutation]
  5391 | D:6      | Lost mutation: You are agile. (Dex +2) [potion of mutation]
  5391 | D:6      | Lost mutation: You have a somewhat thin skeletal structure. (Dex +2, Stealth) [potion of mutation]
  5391 | D:6      | Gained mutation: Potions are less effective at restoring your health. [potion of mutation]
  5391 | D:6      | Gained mutation: You are occasionally teleported next to monsters. [potion of mutation]
  5391 | D:6      | Gained mutation: You can translocate small distances at will. [potion of mutation]
  5391 | D:6      | Gained mutation: Your movements are slightly less encumbered by armour. (ER -2) [potion of mutation]
  5415 | D:6      | Noticed Pikel
  5425 | D:6      | Killed Pikel
  5425 | D:6      | Reached XP level 9. HP: 80/80 MP: 8/11
  5458 | D:6      | Reached skill level 5 in Armour
  5635 | D:6      | Noticed Grinder
  5646 | D:6      | Killed Grinder
  5646 | D:6      | Reached skill level 5 in Shields
  5737 | D:6      | Found Wyutz's Book Shop.
  5827 | D:6      | Reached * piety under Cheibriados
  5978 | D:7      | Noticed a troll
  5979 | D:7      | Noticed Menkaure
  5984 | D:7      | Killed a troll
  5984 | D:7      | Reached skill level 8 in Maces & Flails
  5997 | D:7      | Killed Menkaure
  6110 | D:7      | Reached skill level 5 in Invocations
  6110 | D:7      | Reached XP level 10. HP: 89/90 MP: 13/13
  6233 | D:7      | Found a runed door.
  6313 | D:7      | Reached ** piety under Cheibriados
  6647 | D:7      | Noticed Crazy Yiuf
  6656 | D:7      | Killed Crazy Yiuf
  6732 | D:8      | Found a staircase to the Lair.
  7082 | D:8      | Found a sand-covered staircase.
  7087 | Ossuary  | Entered an ossuary
  7102 | Ossuary  | Reached *** piety under Cheibriados
  7425 | Ossuary  | Lost mutation: Potions are less effective at restoring your health. [potion of mutation]
  7425 | Ossuary  | Lost mutation: You can translocate small distances at will. [potion of mutation]
  7425 | Ossuary  | Lost mutation: You are occasionally teleported next to monsters. [potion of mutation]
  7425 | Ossuary  | Gained mutation: Your magical capacity is low. (-10% MP) [potion of mutation]
  7425 | Ossuary  | Gained mutation: You are partially covered in molten scales. (AC +2) [potion of mutation]
  7425 | Ossuary  | Gained mutation: Your tail ends in a poisonous barb. [potion of mutation]
  7425 | Ossuary  | Gained mutation: You are somewhat resistant to further mutation. [potion of mutation]
  7513 | D:8      | Reached **** piety under Cheibriados
  7521 | D:8      | Reached skill level 9 in Maces & Flails
  7540 | D:8      | Noticed a two-headed ogre
  7551 | D:8      | Killed a two-headed ogre
  7764 | D:8      | Learned a level 2 spell: Blink
  7939 | D:9      | Found a shadowy altar of Dithmenos.
  7973 | D:9      | Noticed Maurice
  7981 | D:9      | Killed Maurice
  8072 | D:9      | Noticed a two-headed ogre
  8081 | D:9      | Killed a two-headed ogre
  8081 | D:9      | Reached skill level 1 in Spellcasting
  8081 | D:9      | Reached skill level 1 in Translocations
  8081 | D:9      | Reached XP level 11. HP: 76/98 MP: 14/14
  8093 | D:9      | Found a stormy altar of Qazlal.
  8093 | D:9      | Found a blossoming altar of Fedhas.
  8093 | D:9      | Found a basalt altar of Yredelemnul.
  8150 | D:9      | Noticed Psyche
  8154 | D:9      | Killed Psyche
  8517 | D:10     | Entered Level 10 of the Dungeon
  8635 | D:10     | Reached ***** piety under Cheibriados
  8639 | D:10     | Noticed Grum
  8642 | D:10     | Noticed Zleub's ghost (journeyman MiMo)
  8649 | D:10     | Reached skill level 10 in Maces & Flails
  8673 | D:10     | Killed Zleub's ghost
  8674 | D:10     | HP: 5/100 [Grum/glaive (20)]
  8675 | D:10     | Killed Grum
  9114 | D:10     | Got a twisted long sword
  9115 | D:10     | Identified the +8 long sword of Isowufey {venom, rC+ MR+ Str+2} (You found it on level 10 of the Dungeon)
  9628 | D:11     | Noticed a cyclops
  9639 | D:11     | Killed a cyclops
  9870 | D:11     | Reached XP level 12. HP: 102/111 MP: 16/16
 10377 | D:11     | Found a staircase to the Orcish Mines.
 10444 | D:11     | Got a twisted eveningstar
 10445 | D:11     | Identified the +10 eveningstar "Sixin" {holy, rF+ Str-5 Dex+5} (You found it on level 11 of the Dungeon)
 10735 | Lair:1   | Entered Level 1 of the Lair of Beasts
 10743 | Lair:1   | Reached skill level 11 in Maces & Flails
 10758 | Lair:1   | Reached ****** piety under Cheibriados
 11339 | Lair:1   | Noticed a four-headed hydra
 11350 | Lair:1   | Killed a four-headed hydra
 11649 | Lair:1   | Noticed a five-headed hydra
 11655 | Lair:1   | Killed a five-headed hydra
 12306 | Lair:2   | Reached skill level 1 in Stealth
 12357 | Lair:2   | Noticed a four-headed hydra
 12367 | Lair:2   | Killed a four-headed hydra
 12775 | Lair:2   | Reached skill level 1 in Dodging
 12960 | Lair:2   | Gained mutation: You can use your snake-like lower body to constrict enemies. [Naga growth]
 12960 | Lair:2   | Reached XP level 13. HP: 98/120 MP: 18/18
 13148 | Lair:3   | Reached skill level 10 in Invocations
 13221 | Lair:3   | Learned a level 4 spell: Airstrike
 13502 | Lair:3   | Got a bloodstained helmet
 13503 | Lair:3   | Identified the cursed -1 helmet "Xitry" {Str+5} (You found it on level 3 of the Lair of Beasts)
 13615 | Lair:3   | Found an ancient bone altar of Kikubaaqudgha.
 13662 | Lair:3   | Found a hole to the Spider Nest.
 13701 | Lair:3   | Found a staircase to the Swamp.
 13712 | Lair:3   | Killed from afar by an electric eel

Skill      XL: |  1  2  3  4  5  6  7  8  9 10 11 12 13 |
---------------+----------------------------------------+-----
Maces & Flails | 3 4 6 7 8 9 10 11 | 11.8
Shields        | 3 4 5 6 7 |  7.5
Armour         | 3 4 5 6 7 |  7.0
Fighting       | 4 6 7 8 9 |  9.0
Invocations    | 2 5 7 8 9 10 | 10.0
Spellcasting   | 1 2 4 |  4.4
Translocations | 1 3 4 |  4.7
Stealth        | 2 3 |  3.4
Dodging        | 1 |  1.4
Air Magic      | |  0.8

Action                   |  1- 3 |  4- 6 |  7- 9 | 10-12 | 13-15 || total
-------------------------+-------+-------+-------+-------+-------++-------
Melee: Flail             |   111 |       |       |       |       ||   111
       Whip              |    18 |   112 |   294 |   540 |       ||   964
       Tailslap          |       |       |       |   137 |     8 ||   145
       Eveningstar       |       |       |       |   154 |    27 ||   181
       Constrict         |       |       |       |       |     8 ||     8
Invok: Slouch            |       |       |       |     1 |       ||     1
 Abil: Spit Poison       |    13 |       |     3 |     1 |       ||    17
  Use: Scroll            |     3 |     3 |     5 |     6 |     2 ||    19
       Potion            |     1 |       |     1 |     5 |     7 ||    14
 Stab: Sleeping          |       |       |       |     2 |       ||     2
       Distracted        |       |       |       |     1 |       ||     1
  Eat: Chunk             |     2 |     2 |     8 |    15 |       ||    27
       Royal jelly       |       |     1 |       |       |       ||     1
       Fruit             |       |       |       |     1 |       ||     1
Armor: Scale mail        |    92 |    29 |       |       |       ||   121
       Plate armour      |       |    37 |   143 |    79 |       ||   259
       Ring mail         |       |       |       |   147 |     8 ||   155
Dodge: Dodged            |    45 |    21 |    22 |   161 |    20 ||   269
Block: Shield            |    81 |    72 |   144 |   436 |    23 ||   756
